 Dungeon Crawl Stone Soup version 0.25-a0-544-gee0576305d (webtiles) character file.

Game seed: 5816705781513571477, levelgen mode: deterministic

100 vurker the Gusty (level 4, -1/19 HPs)
             Began as a Felid Air Elementalist on Feb 20, 2020.
             Slain by a big kobold
             ... wielding a +0 short sword
              (7 damage)
             ... in a sewer.
             The game lasted 00:02:58 (2351 turns).

vurker the Gusty (Felid Air Elementalist)           Turns: 2351, Time: 00:02:58

Health: -1/19      AC:  1    Str:  4    XL:     4   Next: 46%
Magic:  0/9        EV: 18    Int: 17    God:
Gold:   111        SH:  0    Dex: 16    Spells: 8/9 levels left
                                        Lives:  0   Deaths: 1

rFire    . . .     SeeInvis +   (weapon unavailable)
rCold    . . .     Gourm    .   (shield unavailable)
rNeg     . . .     Faith    .   (armour unavailable)
rPois    .         Spirit   .   (helmet unavailable)
rElec    .         Reflect  .   (cloak unavailable)
rCorr    .         Harm     .   (gloves unavailable)
MR       .....                  (boots unavailable)
Stlth    +++.......             (no amulet)
HPRegen  0.06/turn              (no ring)
MPRegen  0.11/turn              (no ring)

@: quick
A: very small, no armour, no weapons or thrown items, stealth, claws 1, fangs 3,
see invisible, carnivore, speed 1, shaggy fur 1, slow metabolism 1, sharp paws
a: no special abilities


You were in a sewer.
You were not hungry.

You visited 1 branch of the dungeon, and saw 3 of its levels.
You also visited: Sewer.

You collected 111 gold pieces.

Inventory:

Scrolls
 a - 2 scrolls of identify {unknown}
 b - a scroll of noise {unknown}
 c - 4 scrolls of teleportation {unknown}
 d - a scroll of magic mapping {unknown}
 f - 4 scrolls of remove curse {unknown}
 i - a scroll of immolation {unknown}
 n - a scroll of amnesia {unknown}
 p - a scroll of blinking {unknown}
Potions
 h - 3 potions of might {unknown}
 j - a potion of ambrosia {unknown}
 k - 2 potions of curing {unknown}
 l - a potion of mutation {unknown}
 m - a potion of invisibility {unknown}
 o - a potion of lignification {unknown}
Comestibles
 e - a ration
 g - 6 chunks of flesh


   Skills:
 + Level 1.6 Fighting
 - Level 2.6 Dodging
 - Level 2.6 Stealth
 * Level 3.2 Spellcasting
 + Level 1.8 Conjurations
 * Level 3.7 Air Magic


You had 8 spell levels left.
You knew the following spells:

 Your Spells              Type           Power        Failure   Level  Hunger
a - Shock                 Conj/Air       ##..         5%          1    None

Your spell library contained the following spells:

 Spells                   Type           Power        Failure   Level  Hunger
 Swiftness                Chrm/Air       #.......     12%         2    ##.....
 Static Discharge         Conj/Air       ##......     16%         3    ###....
 Airstrike                Air            ###.......   36%         4    ####...
 Lightning Bolt           Conj/Air       ##........   83%         5    ######.


Dungeon Overview and Level Annotations

Branches:
Dungeon (3/15)              Sewer (1/1)

Altars:


Innate Abilities, Weirdness & Mutations

You cannot wear armour.
You are incapable of wielding weapons or throwing items.
Your paws allow you to move quietly. (Stealth)
You have sharp claws.
You have razor-sharp teeth.
You have supernaturally acute eyesight. (SInv)
You are carnivorous and can eat meat at any time.
You cover ground quickly.
You are covered in fur. (AC +1)
You have a slow metabolism.
Your sharp claws are effective at attacking unaware monsters.


Message History

The ball python grabs you. The ball python constricts you.
You are now level 3!
You rejoin the land of the living...
The ball python loses its grip on you.
A bat comes into view.
Aim: a big kobold, wielding a +0 short sword (almost dead)
The zap hits the ball python.
You kill the ball python!
The zap hits the big kobold.
Aim: a big kobold, wielding a +0 short sword (almost dead)
The zap misses the big kobold.
Aim: a big kobold, wielding a +0 short sword (almost dead)
The zap hits the big kobold.
The zap misses the big kobold.
Aim: a big kobold, wielding a +0 short sword (almost dead)
The zap misses the big kobold.
The zap hits the big kobold.
The zap misses the kobold.
The bat hits you but does no damage. The big kobold misses you.
Aim: a big kobold, wielding a +0 short sword (almost dead)
The zap hits the big kobold. x2
You kill the big kobold!
Your Spellcasting skill increases to level 3!
Welcome back to level 4!
The bat closely misses you.
The big kobold hits you with a +0 short sword.
Aim: a kobold, quivering 2 stones (severely wounded)
The zap hits the kobold.
You kill the kobold!
The big kobold closely misses you. The bat barely misses you.
Aim: a bat The zap hits the bat.
The zap hits the plant but does no damage.
The bat closely misses you. The bat hits you but does no damage.
The big kobold completely misses you.
Aim: a bat (moderately wounded)
The zap hits the bat.
You kill the bat!
The big kobold misses you.
Aim: a big kobold, wielding a +0 short sword (heavily wounded)
The zap misses the big kobold.
The big kobold barely misses you.
You don't have enough magic to cast that spell.
You scratch the big kobold. The big kobold closely misses you.
You scratch the big kobold. The big kobold closely misses you.
You scratch the big kobold but do no damage.
The big kobold hits you with a +0 short sword!
You scratch the big kobold but do no damage.
The big kobold hits you with a +0 short sword.
* * * LOW HITPOINT WARNING * * *
You are too injured to fight recklessly!
The big kobold hits you with a +0 short sword!
You die...

##........# ≈≈
#........P#≈≈
≈ #.......≈≈#≈
≈#
#....P≈P≈≈≈≈≈#
#......≈≈#≈≈≈#
#.....P≈≈≈≈≈
#.....≈≈#
#..†..P#
##.@K(.#
#..)..#
#.†...#
##.†...#
#......#≈≈≈≈P.
#......#≈≈≈≈≈≈
#......#≈≈≈≈≈
#...P..#≈≈≈#
#....≈≈#≈≈≈#


You could see a big kobold.

Vanquished Creatures
  A big kobold (Sewer)
  An ooze (D:1)
  2 worms
  3 dart slugs (D:1)
  A leopard gecko (D:1)
  5 ball pythons
  5 bats
  2 giant cockroaches (D:1)
  2 goblins (D:1)
  6 hobgoblins
  6 jackals (D:2)
  A quokka (D:2)
  6 frilled lizards
  11 kobolds
  5 rats (D:1)
57 creatures vanquished.

Notes
Turn   | Place    | Note
-------+----------+-------------------------------------------
     0 | D:1      | vurker the Felid Air Elementalist began the quest for the
                  | Orb.
     0 | D:1      | Reached XP level 1. HP: 7/7 MP: 4/4
    75 | D:1      | Reached skill level 1 in Conjurations
   116 | D:1      | Reached XP level 2. HP: 7/12 MP: 0/6
   726 | D:1      | Reached XP level 3. HP: 15/15 MP: 5/7
   905 | D:1      | Reached skill level 1 in Fighting
  2211 | D:3      | Found a glowing drain.
  2218 | D:3      | Reached XP level 4. HP: 19/19 MP: 1/9
  2298 | Sewer    | Entered a sewer
  2314 | Sewer    | Noticed a big kobold
  2314 | Sewer    | Noticed a big kobold
  2337 | Sewer    | Slain by a ball python
  2338 | Sewer    | Reached XP level 3. HP: 0/15 MP: 0/8
  2342 | Sewer    | Killed a big kobold
  2342 | Sewer    | Reached XP level 4. HP: 19/19 MP: 3/9
  2351 | Sewer    | Slain by a big kobold

Levels and vault maps discovered:
D:1:      dpeg_arrival_rooms_c, layout_loops_ring, minmay_door_square,
          minmay_stone_trees_medium
D:2:      layout_loops_cross, kennysheep_generic_room_11
D:3:      layout_loops_ring, first_ration, cheibrodos_sewer_entry_sluice,
          chequers_ecumenical_altar_simple, uniq_terence
Sewer:    kennysheep_pipe_town

Skill      XL: |  1  2  3 |
---------------+----------+-----
Conjurations   | 1 |  1.8
Air Magic      | 3 |  3.7
Fighting       | 1 |  1.6
Spellcasting   | 3 |  3.2
Dodging        | |  2.6
Stealth        | |  2.6

Action                   |  1- 3 |  4- 6 || total
-------------------------+-------+-------++-------
Melee: Unarmed           |    25 |     4 ||    29
       Bite              |     1 |       ||     1
 Cast: Shock             |    96 |    18 ||   114
  Eat: Chunk             |    10 |     1 ||    11
Armor: Skin              |     4 |     2 ||     6
Dodge: Dodged            |    39 |    21 ||    60

Table legend:
 A = Non-vault XP
 B = Vault XP
 C = Vault XP percentage of total XP
 D = Non-vault monster count
 E = Vault monster count
 F = Vault count percentage of total count
                 A         B        C        D         E       F
            +---------+---------+-------+---------+---------+-------
      Total |      94 |     109 |  53.7 |      47 |      10 |  17.5
            +---------+---------+-------+---------+---------+-------
        D:1 |      67 |       0 |   0.0 |      34 |       0 |   0.0
        D:2 |      27 |       0 |   0.0 |      13 |       0 |   0.0
        D:3 |       0 |       9 | 100.0 |       0 |       4 | 100.0
      Sewer |       0 |     100 | 100.0 |       0 |       6 | 100.0
            +---------+---------+-------+---------+---------+-------
